 Dungeon Crawl Stone Soup version 0.28-a0-1616-g050a50673c (webtiles) character file.

Game seed: 15814994978132999474

26820 wilfster70 the Grappler (level 13, 0/131 HPs)
             Began as a Troll Fighter on Jan 22, 2022.
             Was a Plaything of Xom.
             Slain by a five-headed hydra (1 damage)
             ... on level 2 of the Lair of Beasts.
             The game lasted 00:34:20 (9452 turns).

wilfster70 the Grappler (Troll Fighter)             Turns: 9452, Time: 00:34:21

Health: 0/131      AC: 11    Str: 27    XL:     13   Next: 1%
Magic:  12/12      EV:  9    Int:  8    God:    Xom [..*...]
Gold:   1220       SH:  9    Dex:  7    Spells: 10/12 levels left

rFire   . . .      SeeInvis +   b - +5 scimitar (flame)
rCold   + . .      Faith    .   i - +0 kite shield "Naneric" {Slay+3}
rNeg    . . .      Spirit   .   E - +0 troll leather armour
rPois   +          Reflect  .   q - +2 hat
rElec   .          Harm     .   s - +2 cloak {rPois}
rCorr   +          Rampage  .   (gloves unavailable)
Will    .....      Clarity  +   (boots unavailable)
Stlth   +.........              a - amulet of regeneration
HPRegen 2.71/turn               e - ring of ice
MPRegen 0.13/turn               p - ring of the Camelopard {rF+ rCorr Str+4}

@: no status effects
A: large, unfitting armour, claws 3, regeneration 1, shaggy fur 1, tough skin 1,
iridescent scales 1, see invisible, clarity, clumsy 1, deformed body, weak 2
a: Renounce Religion


You were on level 2 of the Lair of Beasts.
You worshipped Xom.
You were a toy of Xom.
You visited 2 branches of the dungeon, and saw 14 of its levels.
You also visited: Bailey.

You collected 1496 gold pieces.
You spent 276 gold pieces at shops.

Inventory:

Hand Weapons
 b - a +5 scimitar of flaming (weapon)
Missiles
 z - 18 boomerangs (quivered)
 A - 8 datura-tipped darts
 B - 5 curare-tipped darts
 C - 34 poisoned darts
Armour
 i - the +0 kite shield "Naneric" (worn) {Slay+3}
   (You found it on level 2 of the Dungeon)

   Slay:      It affects your accuracy & damage with ranged weapons and melee
   (+3).
 q - a +2 hat (worn)
 s - a +2 cloak of poison resistance (worn)
 E - a +0 troll leather armour (worn)
Jewellery
 a - an amulet of regeneration (around neck)
 e - a ring of ice (left claw)
 g - a ring of positive energy
 p - the ring of the Camelopard (right claw) {rF+ rCorr Str+4}
   (You found it on level 6 of the Dungeon)

   [ring of protection from fire]

   Str:       It affects your strength (+4).
   rF:        It protects you from fire.
   rCorr:     It protects you from acid and corrosion.
 w - a ring of wizardry
Wands
 x - a wand of acid (7)
 y - a wand of polymorph (11)
Scrolls
 j - 2 scrolls of blinking
 l - 2 scrolls of amnesia
 r - 2 scrolls of identify
 v - 3 scrolls of fear
Potions
 c - a potion of might
 d - a potion of brilliance
 f - a potion of cancellation
 h - 10 potions of curing
 k - 3 potions of magic
 m - a potion of heal wounds
 n - a potion of haste
 o - 3 potions of mutation
 t - a potion of ambrosia
 u - 2 potions of flight


   Skills:
 - Level 9.6 Fighting
 - Level 8.0 Throwing
 + Level 7.3 Dodging
 - Level 9.0 Shields
 - Level 11.1 Unarmed Combat
 - Level 6.0 Evocations


You had 10 spell levels left.
You knew the following spells:

 Your Spells              Type           Power      Damage    Failure   Level
a - Blink                 Tloc           0%         N/A       82%         2

Your spell library contained the following spells:

 Spells                   Type           Power      Damage    Failure   Level
 Beastly Appendage        Tmut           0%         N/A       67%         1
 Sandblast                Erth           0%         2d4       67%         1
 Ensorcelled Hibernation  Hex/Ice        0%         N/A       82%         2
 Passwall                 Tmut/Erth      0%         N/A       82%         2
 Static Discharge         Conj/Air       0%         N/A       82%         2
 Wereblood                Tmut           0%         N/A       82%         2
 Gell's Gravitas          Tloc           0%         N/A       96%         3
 Lesser Beckoning         Tloc           0%         N/A       96%         3
 Spider Form              Tmut/Pois      0%         N/A       96%         3
 Stone Arrow              Conj/Erth      0%         3d7       96%         3
 Swiftness                Air            0%         N/A       96%         3
 Teleport Other           Tloc           0%         N/A       96%         3
 Airstrike                Air            0%         N/A       100%        4
 Anguish                  Hex/Necr       0%         N/A       100%        4
 Animate Armour           Summ/Erth      0%         N/A       100%        4
 Dispel Undead            Necr           0%         3d6       100%        4
 Olgreb's Toxic Radiance  Pois           0%         N/A       100%        4
 Sticky Flame             Conj/Fire      0%         2d3       100%        4
 Summon Lightning Spire   Summ/Air       0%         N/A       100%        4
 Blade Hands              Tmut           0%         N/A       100%        5
 Lightning Bolt           Conj/Air       0%         1d11      100%        5
 Iron Shot                Conj/Erth      0%         9d1       100%        6
 Ozocubu's Refrigeration  Ice            0%         4d5       100%        7
 Borgnjor's Revivificati  Necr           0%         N/A       100%        8
 Ignition                 Fire           0%         3d3       100%        8
 Necromutation            Tmut/Necr      0%         N/A       100%        8
 Death's Door             Necr           0%         N/A       100%        9


Dungeon Overview and Level Annotations

Branches:
Dungeon (10/15)            Temple (0/1) D:7            Lair (4/6) D:10
  Swamp (0/4) Lair:4          Orc (0/2) D:9          Bailey (visited)
  Snake: Lair:2-4    Spider: Lair:2-4

Altars:
Uskayaw
Wu Jian
Xom
The Shining One
Beogh

Shops:
D:2 [   D:6 *=   D:10 (


Innate Abilities, Weirdness & Mutations

You are too large for most types of armour.
You have claws for hands.
Your natural rate of healing is unusually fast.
You are covered in fur. (AC +1)
You have tough skin. (AC +1)
You are partially covered in iridescent scales. (AC +2)
You have supernaturally acute eyesight. (SInv)
You possess an exceptional clarity of mind.
You are clumsy. (Dex -2)
Armour fits poorly on your strangely shaped body.
You are very weak. (Str -4)


Message History

The six-headed hydra bites you.
* * * LOW HITPOINT WARNING * * *
The six-headed hydra bites you.
* * * LOW HITPOINT WARNING * * *
You feel much better. The six-headed hydra bites you!
The six-headed hydra bites you but does no damage.
The six-headed hydra bites you.
* * * LOW HITPOINT WARNING * * *
The six-headed hydra bites you.
* * * LOW HITPOINT WARNING * * *
You block the six-headed hydra's attack. x2
You chop one of the six-headed hydra's heads off!
The flame cauterises the wound!
You slash the five-headed hydra! You burn the five-headed hydra.
The five-headed hydra is moderately wounded.
You block the five-headed hydra's attack. x2
The five-headed hydra bites you but does no damage.
You block the five-headed hydra's attack.
The five-headed hydra bites you.
* * * LOW HITPOINT WARNING * * *
The blink frog barely misses you. The five-headed hydra bites you.
* * * LOW HITPOINT WARNING * * *
The five-headed hydra bites you.
* * * LOW HITPOINT WARNING * * *
The five-headed hydra bites you but does no damage.
The five-headed hydra barely misses you.
You block the five-headed hydra's attack.
You barely miss the five-headed hydra.
The five-headed hydra is moderately wounded.
You block the blink frog's attack.
You block the five-headed hydra's attack.
The five-headed hydra bites you!
* * * LOW HITPOINT WARNING * * *
The five-headed hydra bites you!
* * * LOW HITPOINT WARNING * * *
The five-headed hydra bites you!
* * * LOW HITPOINT WARNING * * *
The five-headed hydra bites you.
You die...
Xom chuckles heartily!

# ##..# .##...## ≈.
##..#
....<..####.####...##
....†...)...... ....#
###....#.##...##....##
#P...### #...##....
####...P####...##..#
#...#NlP#.##..###..##
......Nb.......D@...#
...............F†..##
....##.b###....#...#
.... ###. #....##).#
.... ####..P##.[# ...
....###..# .. ..#..P
#...# ..........##
.[..#


You could see a five-headed hydra and a blink frog.

Vanquished Creatures
  Fannar (Lair:3)
  A boulder beetle (Lair:1)
  A centaur warrior (D:10)
  A death yak (Lair:4)
  3 two-headed ogres
  A swamp dragon (Lair:4)
  Pikel (D:8)
  4 black mambas
  A gargoyle (D:10)
  A demonic crawler (D:9)
  4 cane toads
  3 komodo dragons
  3 trolls
  13 blink frogs
  A slime creature (D:10)
  A shadow (D:10)
  A wyvern (Lair:4)
  A vampire (D:9)
  18 yaks
  A wraith (D:9)
  3 steam dragons
  4 vampire mosquitoes (D:10)
  Edmund (D:6)
  2 nagas (Lair:2)
  A swamp worm (shapeshifter) (Lair:1)
  6 water moccasins
  2 ice beasts
  10 orc warriors
  A sky beast (D:8)
  2 black bears (D:6)
  A necrophage (D:5)
  2 ogres
  6 centaurs
  A lemure (D:8)
  6 kobold brigands
  Blork the orc (D:6)
  14 bullfrogs
  A gnoll sergeant (D:10)
  2 scorpions
  12 killer bees
  5 howler monkeys
  8 wights
  2 electric eels
  7 centaur zombies
  2 jellies
  9 orc priests
  A centaur skeleton (D:5)
  A hound (D:5)
  Jessica (D:3)
  6 iguanas
  5 orc wizards
  8 adders
  4 gnolls
  2 shadow imps
  2 white imps
  An ufetubus (D:5)
  An adder zombie (D:5)
  An adder skeleton (D:5)
  A worm (D:2)
  3 dart slugs
  29 orcs
  4 bats
  4 endoplasms
  4 giant cockroaches
  12 goblins
  8 hobgoblins
  6 jackals (D:1)
  4 quokkas
  5 ball pythons
  5 frilled lizards
  20 kobolds
  5 rats
315 creatures vanquished.

Vanquished Creatures (collateral kills)
  A hydra (Lair:1)
  2 blink frogs
  A yak (Lair:1)
  An orc warrior (D:4)
  A black bear (D:4)
  A kobold brigand (D:10)
  2 orc wizards
  10 orcs
  A hobgoblin (D:4)
  A kobold (D:4)
21 creatures vanquished.

Vanquished Creatures (others)
  A dancing weapon (Lair:3)
  A kobold (D:8)
  5 fungi
  17 plants
24 creatures vanquished.

Grand Total: 360 creatures vanquished

Notes
Turn   | Place    | Note
-------+----------+-------------------------------------------
     0 | D:1      | wilfster70 the Troll Fighter began the quest for the Orb.
     0 | D:1      | Reached XP level 1. HP: 22/22 MP: 0/0
   270 | D:1      | Reached XP level 2. HP: 29/29 MP: 1/1
   470 | D:1      | Reached XP level 3. HP: 36/36 MP: 2/2
   727 | D:1      | Found a faded altar of an unknown god.
   734 | D:1      | Prayed at the altar of an unknown god.
   734 | D:1      | Became a worshipper of Xom of Malevolent Giggling
  1057 | D:2      | Identified the +0 kite shield "Naneric" {Slay+3}
  1074 | D:2      | XOM: noise
  1078 | D:2      | XOM: silly message
  1208 | D:2      | Found Seluut's Armour Shop.
  1211 | D:2      | Bought a +0 cloak for 54 gold pieces
  1246 | D:2      | Reached skill level 3 in Unarmed Combat
  1246 | D:2      | Reached XP level 4. HP: 42/45 MP: 3/3
  1643 | D:3      | Identified the +7 leather armour of Distant Shores {rN+}
  1677 | D:3      | XOM: 2-stop teleportation journey
  1680 | D:3      | XOM: divination: magic mapping
  1693 | D:3      | Reached XP level 5. HP: 53/53 MP: 4/4
  1724 | D:3      | Noticed Jessica
  1725 | D:3      | XOM: polymorph quokka -> frilled lizard
  1746 | D:3      | XOM: summons 3 hostile shadow creatures
  1749 | D:3      | Killed Jessica
  1779 | D:3      | Got Jessica's Papyrus of Dislocation
  1876 | D:3      | XOM: summons 1 hostile shadow creature
  2367 | D:4      | Learned a level 2 spell: Blink
  2583 | D:4      | Noticed an orc warrior
  2585 | D:4      | Noticed a black bear
  2596 | D:4      | XOM: cast spell 'Summon Hydra'
  2598 | D:4      | Killed a black bear
  2599 | D:4      | Reached skill level 4 in Unarmed Combat
  2599 | D:4      | Reached XP level 6. HP: 47/62 MP: 5/5
  2599 | D:4      | Killed an orc warrior
  2665 | D:4      | XOM: 2-stop teleportation journey
  2679 | D:4      | XOM: give mutations
  2679 | D:4      | Gained mutation: Armour fits poorly on your strangely
                  | shaped body. [Xom's mischief]
  2679 | D:4      | Gained mutation: Your mind is acute. (Int +2) [Xom's
                  | mischief]
  2679 | D:4      | Gained mutation: You are weak. (Str -2) [Xom's mischief]
  2964 | D:4      | XOM: god gift: +2 hat
  3101 | D:4      | XOM: give mutations
  3101 | D:4      | Gained mutation: You are very weak. (Str -4) [Xom's
                  | mischief]
  3101 | D:4      | Gained mutation: You occasionally shout uncontrollably at
                  | your foes. [Xom's mischief]
  3101 | D:4      | Gained mutation: You are frail. (-10% HP) [Xom's mischief]
  3101 | D:4      | Gained mutation: You are very frail. (-20% HP) [Xom's
                  | mischief]
  3118 | D:4      | You fall into a shaft and drop 1 floor!
  3118 | D:5      | Entered Level 5 of the Dungeon
  3141 | D:5      | Lost mutation: You occasionally shout uncontrollably at
                  | your foes. [potion of mutation]
  3141 | D:5      | Lost mutation: You are very frail. (-20% HP) [potion of
                  | mutation]
  3141 | D:5      | Gained mutation: You are clumsy. (Dex -2) [potion of
                  | mutation]
  3141 | D:5      | Gained mutation: Your spells are a little easier to cast,
                  | but a little less powerful. [potion of mutation]
  3141 | D:5      | Gained mutation: You have supernaturally acute eyesight.
                  | (SInv) [potion of mutation]
  3142 | D:5      | Lost mutation: Armour fits poorly on your strangely shaped
                  | body. [potion of mutation]
  3142 | D:5      | Lost mutation: You are frail. (-10% HP) [potion of
                  | mutation]
  3142 | D:5      | Gained mutation: You possess an exceptional clarity of
                  | mind. [potion of mutation]
  3178 | D:5      | Reached XP level 7. HP: 70/70 MP: 6/6
  3221 | D:5      | XOM: enchant monster (good)
  3317 | D:5      | Reached skill level 8 in Unarmed Combat
  3317 | D:5      | Reached XP level 8. HP: 87/87 MP: 7/7
  3318 | D:5      | Reached skill level 10 in Unarmed Combat
  3318 | D:5      | Reached XP level 9. HP: 97/97 MP: 8/8
  3344 | D:5      | Identified the +1 trident of Wemeel {vorpal, Fly rElec
                  | Dex-4} (Xom gifted it to you on level 5 of the Dungeon)
  3344 | D:5      | XOM: god gift: +1 trident of Wemeel {chaos, Fly rElec
                  | Dex-4}
  3389 | D:5      | XOM: give mutations
  3389 | D:5      | Lost mutation: Your mind is acute. (Int +2) [Xom's
                  | mischief]
  3389 | D:5      | Lost mutation: Your spells are a little easier to cast, but
                  | a little less powerful. [Xom's mischief]
  3523 | D:5      | XOM: summons 5 hostile demons
  3743 | D:6      | Noticed Blork the orc
  3752 | D:6      | Killed Blork the orc
  3760 | D:6      | Identified the ring of the Camelopard {rF+ rCorr Str+4}
  3802 | D:6      | Found Limiss's Sacrilege Store.
  3948 | D:6      | XOM: summons 5 hostile demons
  4000 | D:6      | Found Lanasm's Jewellery Shop.
  4125 | D:2      | Bought a +2 cloak of poison resistance for 222 gold pieces
  4307 | D:6      | XOM: god gift: scroll of blinking
  4329 | D:6      | Noticed Edmund
  4332 | D:6      | XOM: enchant monster (good)
  4336 | D:6      | Killed Edmund
  4366 | D:6      | XOM: noise
  4367 | D:6      | XOM: cast spell 'Summon Dragon'
  4594 | D:7      | Found a staircase to the Ecumenical Temple.
  4795 | D:7      | Reached XP level 10. HP: 96/105 MP: 9/9
  4953 | D:7      | Found a glowing golden altar of the Shining One.
  4980 | D:7      | XOM: summons 2 hostile shadow creatures
  5191 | D:8      | XOM: potion effect (invisibility)
  5203 | D:8      | XOM: silly message
  5211 | D:7      | XOM: smoke on damage
  5242 | D:7      | XOM is BORED!
  5242 | D:7      | XOM: silly message
  5315 | D:8      | Noticed a two-headed ogre
  5335 | D:8      | Killed a two-headed ogre
  5336 | D:8      | Reached skill level 11 in Unarmed Combat
  5476 | D:8      | Noticed Pikel
  5502 | D:8      | Killed Pikel
  5503 | D:8      | Reached skill level 1 in Evocations
  5547 | D:8      | XOM: cleaving
  5734 | D:8      | XOM: silly message
  5874 | D:9      | XOM: polymorph efreet -> demonic crawler
  5881 | D:9      | HP: 4/107 [demonic crawler (4)]
  5964 | D:9      | Found a flagged portal.
  5995 | D:9      | XOM: fake destruction
  6015 | Bailey   | Entered a bailey
  6047 | Bailey   | Found an iron altar of Okawaru.
  6047 | Bailey   | XOM: 8-stop teleportation journey
  6052 | Bailey   | XOM: confuse monster(s)
  6086 | Bailey   | XOM: potion effect (heal wounds)
  6179 | Bailey   | Reached XP level 11. HP: 111/115 MP: 10/10
  6272 | D:9      | Found a staircase to the Orcish Mines.
  6602 | D:9      | XOM: noise
  6869 | D:10     | Entered Level 10 of the Dungeon
  6897 | D:10     | Reached skill level 5 in Evocations
  7098 | D:10     | XOM: chaos upgrade
  7099 | D:10     | XOM: summons 4 hostile shadow creatures
  7103 | D:10     | Noticed a two-headed ogre
  7105 | D:10     | Noticed a two-headed ogre
  7105 | D:10     | XOM: cast spell 'Monstrous Menagerie'
  7128 | D:10     | Killed a two-headed ogre
  7129 | D:10     | Reached skill level 1 in Throwing
  7138 | D:10     | XOM: fake destruction
  7150 | D:10     | Killed a two-headed ogre
  7157 | D:10     | XOM: swap monsters
  7161 | D:10     | XOM: summons 6 hostile demons
  7269 | D:10     | Noticed a centaur warrior
  7292 | D:10     | Killed a centaur warrior
  7302 | D:10     | XOM: summons 6 hostile demons
  7437 | D:10     | XOM: 8-stop teleportation journey
  7449 | D:10     | Found a staircase to the Lair.
  7463 | D:10     | Found Piwut's Weapon Shop.
  7526 | D:10     | Reached skill level 5 in Throwing
  7554 | D:10     | XOM: divination: detect items
  7598 | D:10     | XOM: summons 6 hostile demons
  7599 | D:10     | Noticed a sun demon
  7605 | D:10     | Gained mutation: Armour fits poorly on your strangely
                  | shaped body. [a neqoxec]
  7610 | D:10     | Gained mutation: You are partially covered in iridescent
                  | scales. (AC +2) [a neqoxec]
  7828 | Lair:1   | Entered Level 1 of the Lair of Beasts
  7842 | Lair:1   | XOM: scenery: create altars
  7941 | D:10     | XOM: summons 1 hostile demon
  7977 | Lair:1   | Found an ornate altar of the Wu Jian Council.
  7977 | Lair:1   | Noticed a boulder beetle
  7981 | Lair:1   | XOM: scenery: summon butterflies
  7990 | Lair:1   | XOM: 3-stop teleportation journey
  8019 | Lair:1   | XOM: torment (51/115 hp)
  8169 | Lair:1   | Noticed a glowing shapeshifter
  8169 | Lair:1   | a water moccasin changed into a glowing shapeshifter
  8169 | Lair:1   | XOM: polymorph water moccasin -> glowing shapeshifter
  8169 | Lair:1   | a glowing shapeshifter changed into a torpor snail
  8171 | Lair:1   | Noticed a shock serpent
  8171 | Lair:1   | a water nymph changed into a shock serpent
  8172 | Lair:1   | Noticed a sea snake
  8172 | Lair:1   | a shock serpent changed into a sea snake
  8177 | Lair:1   | a sea snake changed into a swamp worm
  8181 | Lair:1   | Reached XP level 12. HP: 109/124 MP: 11/11
  8275 | Lair:1   | XOM: silly message
  8504 | Lair:1   | XOM: divination: detect creatures
  8506 | Lair:1   | Identified the +9 flail "Jied" {vorpal, rPois rF- Int+2}
  8510 | Lair:1   | XOM: cast spell 'Chain of Chaos'
  8526 | Lair:1   | XOM: swap monsters
  8538 | Lair:1   | XOM: divine lightning
  8671 | Lair:1   | XOM: divination: detect items
  8683 | Lair:1   | XOM: silly message
  8775 | Lair:1   | XOM: potion effect (curing)
  8794 | Lair:1   | XOM: potion effect (brilliance)
  8798 | Lair:1   | XOM: silly message
  8803 | Lair:1   | Killed a boulder beetle
  8885 | Lair:1   | Found a hide-covered altar of Uskayaw.
  8915 | Lair:2   | You fall into a shaft and drop 2 floors!
  8967 | Lair:4   | Found a staircase to the Swamp.
  8978 | Lair:4   | XOM: silly message
  8984 | Lair:4   | XOM: enchant monster (bad)
  8995 | Lair:4   | XOM: fog
  9004 | Lair:4   | XOM: 1-stop teleportation journey
  9115 | Lair:4   | Reached skill level 5 in Dodging
  9153 | Lair:4   | Noticed a death yak
  9159 | Lair:4   | XOM: fake destruction
  9166 | Lair:4   | XOM: divination: magic mapping
  9168 | Lair:4   | Killed a death yak
  9168 | Lair:4   | XOM: cleaving
  9184 | Lair:4   | Noticed a boulder beetle
  9192 | Lair:3   | XOM: scenery: summon butterflies
  9192 | Lair:3   | Noticed Fannar
  9196 | Lair:3   | XOM: fog
  9197 | Lair:3   | XOM: scenery: 2 doors open
  9197 | Lair:3   | Noticed an eight-headed hydra
  9198 | Lair:3   | Noticed an eight-headed hydra
  9206 | Lair:3   | Killed Fannar
  9289 | Lair:2   | XOM: enchant monster (good)
  9299 | Lair:1   | XOM: summons 10 friendly demons
  9308 | Lair:1   | Killed a ten-headed hydra
  9403 | Lair:2   | XOM: scenery: summon butterflies
  9408 | Lair:2   | XOM: cast spell 'Summon Cactus Giant'
  9443 | Lair:2   | Reached XP level 13. HP: 99/131 MP: 12/12
  9448 | Lair:2   | XOM: potion effect (curing)
  9452 | Lair:2   | HP: 1/131 [five-headed hydra (9)]
  9452 | Lair:2   | Slain by a five-headed hydra

Illustrated notes

Levels and vault maps discovered:
D:1:      lightli_arrival_statue_moat, layout_basic,
          dilly_ecumenical_altar_fadedgnrine
D:2:      layout_basic, serial_shops, nicolae_shop_behind_doors, hex_tiny
D:3:      layout_basic, kennysheep_jessica_study
D:4:      layout_layer_cave
D:5:      layout_rooms, minmay_fountain_box, minmay_pentangle
D:6:      layout_rooms, serial_shops, shop, nicolae_evil_shop, uniq_edmund,
          uniq_blork_the_orc
D:7:      layout_loops_cross, nicolae_overflow_crystal_walls,
          minmay_temple_entry_waves
D:8:      layout_rooms, chequers_arboretum, grunt_ministairs_8, uniq_pikel
D:9:      layout_roguey, minmay_orc_entry_temple_small, enter_bailey_5
D:10:     wad_guarded_room, layout_rooms, serial_shops, nicolae_shop_stone
Lair:1:   layout_regular_city, cheibrodos_lair_caveside_slide,
          nzn_masters_of_martial_movement, grunt_megastairs_1,
          serial_bayou_shore_a, infiniplex_staircase_pool
Lair:2:   layout_small_grid, guppyfry_snake_entry_garden,
          kennysheep_snail_temple
Lair:3:   layout_loops_ring, gauntlet_entry_generic, serial_bayou_pond_d,
          grunt_megastairs_5, uniq_fannar
Lair:4:   nzn_winding_woodlands_stair_cross [nzn_winding_woodlands_5x15_parted,
          nzn_winding_woodlands_center_lodge, nzn_winding_woodlands_5x15_twine,
          nzn_winding_woodlands_hourglass, nzn_winding_woodlands_5x5_perimeter,
          nzn_winding_woodlands_5x15_pool, nzn_winding_woodlands_center_garden,
          nzn_winding_woodlands_5x15_default], layout_hall_layers,
          minmay_swamp_entry_reptiles, chequers_serial_rivers_room_b,
          fungi_pond_lemuel, uniq_nessos, uniq_urug

Skill      XL: |  1  2  3  4  5  6  7  8  9 10 11 12 |
---------------+-------------------------------------+-----
Fighting       | 3 4 7 8 9 |  9.6
Shields        | 3 4 7 8 9 |  9.0
Unarmed Combat | 3 4 8 10 11 | 11.1
Evocations     | 4 6 |  6.0
Throwing       | 6 8 |  8.0
Dodging        | 7 |  7.3

Action                   |  1- 3 |  4- 6 |  7- 9 | 10-12 | 13-15 || total
-------------------------+-------+-------+-------+-------+-------++-------
Melee: Unarmed           |   106 |   119 |   136 |   751 |       ||  1112
       Scimitar          |       |       |       |       |     4 ||     4
Evoke: Wand              |       |       |       |     1 |       ||     1
  Use: Scroll            |     4 |     5 |    10 |     8 |       ||    27
       Potion            |       |     2 |     2 |     7 |     1 ||    12
 Stab: Paralysed         |       |       |     2 |       |       ||     2
       Invisible         |       |       |       |     3 |       ||     3
       Confused          |       |       |       |     3 |       ||     3
Armor: Robe              |    37 |    27 |    65 |    78 |       ||   207
       Steam dragon scal |       |       |       |   262 |       ||   262
       Troll leather arm |       |       |       |     1 |    14 ||    15
Dodge: Dodged            |    46 |    39 |    65 |   301 |     9 ||   460
Block: Kite shield       |    33 |    53 |    96 |   387 |    14 ||   583

Table legend: (Time is in decaauts)
 A = Elapsed time spent in this place.
 B = Non-inter-level travel time spent in this place.
 C = Inter-level travel time spent in this place.
 D = Time resting spent in this place.
 E = Time spent auto-exploring this place.
 F = Levels seen in this place.
 G = Mean time per level.
                   A        B        C        D        E       F      G
               +--------+--------+--------+--------+--------+-----+--------+
         Total |   9417 |   8957 |    460 |    570 |   3910 |  15 |  627.8 |
       Dungeon |   7676 |   7241 |    435 |    270 |   3618 |  10 |  767.6 |
          Lair |   1518 |   1493 |     25 |    300 |    272 |   4 |  379.5 |
        Bailey |    222 |    222 |      0 |      0 |     19 |   1 |  222.0 |
               +--------+--------+--------+--------+--------+-----+--------+

Top non-repeatable levels by time:
  Lair:1: 1119 daAuts
    D:10: 1033 daAuts
     D:3: 988 daAuts
     D:9: 882 daAuts
     D:1: 875 daAuts
     D:4: 824 daAuts
     D:7: 718 daAuts
     D:5: 651 daAuts
     D:2: 641 daAuts
     D:8: 554 daAuts
     D:6: 506 daAuts
  Lair:4: 272 daAuts
  Bailey: 222 daAuts
  Lair:2: 97 daAuts
  Lair:3: 30 daAuts
